 Dungeon Crawl Stone Soup version 0.20-a0-672-gd6c3c51 (webtiles) character file.

408 Murumi the Covered (level 7, -9/54 HPs)
             Began as a Formicid Fighter on Feb 17, 2017.
             Was an Initiate of Elyvilon.
             Mangled by an ogre
             ... wielding a +0 giant club
              (22 damage)
             ... on level 4 of the Dungeon.
             The game lasted 00:11:50 (2696 turns).

Murumi the Covered (Formicid Fighter)               Turns: 2696, Time: 00:11:51

Health: -9/54      AC: 10    Str: 26    XL:     7   Next: 13%
Magic:  7/7        EV:  8    Int:  8    God:    Elyvilon [......]
Gold:   233        SH: 11    Dex: 10    Spells: 6/6 levels left

rFire    . . .     SeeInvis +   a - +1 long sword
rCold    . . .     Gourm    .   w - +0 chain mail
rNeg     . . .     Faith    .   c - +1 shield
rPois    .         Spirit   .   (helmet unavailable)
rElec    .         Reflect  .   (no cloak)
rCorr    .         Harm     .   (no gloves)
MR       .....                  (no boots)
Stlth    ..........             (no amulet)
Regen    0.2/turn               q - +4 ring of strength
MPRegen  0.1/turn               d - +4 ring of slaying

@: no status effects
A: permanent stasis, dig shafts and tunnels, four strong arms, antennae 3
a: Dig, Shaft Self, Renounce Religion


You were on level 4 of the Dungeon.
You worshipped Elyvilon.
Elyvilon was noncommittal.
You were not hungry.

You visited 2 branches of the dungeon, and saw 5 of its levels.

You collected 233 gold pieces.

Inventory:

Hand Weapons
 a - a +1 long sword (weapon)
Missiles
 m - 34 bolts
Armour
 c - a +1 shield (worn)
 w - a +0 chain mail (worn)
Jewellery
 d - a +4 ring of slaying (left hand)
 l - an uncursed ring of positive energy
 q - a +4 ring of strength (right hand)
 s - an uncursed ring of protection from fire
 u - an uncursed ring of flight
Scrolls
 o - 2 scrolls of remove curse
 p - 5 scrolls of identify
 t - a scroll of enchant weapon
 v - a scroll of magic mapping
 x - a scroll of recharging
Potions
 b - a potion of might
 e - 2 potions of curing
 g - a potion of brilliance
 j - 3 potions of heal wounds
 n - a potion of flight
Comestibles
 f - 2 bread rations
 h - 5 royal jellies
 i - 2 meat rations
 k - 4 fruits
 r - 5 chunks of flesh


   Skills:
 - Level 4.0 Fighting
 - Level 3.0 Long Blades
 - Level 6.1 Armour
 - Level 2.0 Dodging
 - Level 5.0 Shields
 + Level 0.0 Invocations


You had 6 spell levels left.
You didn't know any spells.

Dungeon Overview and Level Annotations

Branches:
Dungeon (4/15)             Temple (1/1) D:4

Altars:
Cheibriados
Dithmenos
Elyvilon
Fedhas
Gozag
Hepliaklqana
Kikubaaqudgha
Makhleb
Nemelex Xobeh
Okawaru
Sif Muna
Trog
Uskayaw
Xom
Yredelemnul
The Shining One


Innate Abilities, Weirdness & Mutations

You cannot be hasted, slowed, berserked, paralysed or teleported.
You can dig through walls and to a lower floor.
Your four strong arms can wield two-handed weapons with a shield.
You have a pair of large antennae on your head. (SInv)


Message History

You sense a monster nearby.
An ogre comes into view. It is wielding a giant club.
The ogre shouts!
You barely miss the ogre. The ogre hits you with a giant club!!
You hear an angry hiss.
Your shield and chain mail prevent you from hitting the ogre.
The ogre barely misses you.
You slash the ogre!
The ogre is moderately wounded.
The ogre closely misses you.
You riposte.
You slash the ogre!
The ogre is severely wounded.
You hit the ogre.
The ogre is almost dead.
The ogre hits you with a giant club!
* * * LOW HITPOINT WARNING * * *
Okay, then.
You closely miss the ogre.
The ogre is almost dead.
The ogre hits you with a giant club!!
You die...

........# ......#.#
#####.#.# ........#
#####.####### ##
..........{.. .#
#####.###########.#
.#................#
.#......########@.#
.#..#.#.# #O.#
....#.#.# #..#
.##.#.#.########..#
...>...........#..#
###.#.#.######.#..#
......#.#......#..#
###...#.#.######..#
#.....#...........


You could see an ogre.

Vanquished Creatures
  The ghost of HEYYEYAAE the Cudgeler, an amateur TrBe of Trog (D:3)
  An ogre (D:4)
  A hound (D:4)
  An orc wizard (D:4)
  Natasha (twice) (D:4)
  4 adders (D:2)
  An ooze (D:1)
  2 dart slugs
  4 leopard geckos
  5 orcs
  5 giant cockroaches
  10 goblins
  8 hobgoblins
  2 jackals (D:2)
  2 quokkas
  3 ball pythons
  4 bats
  7 frilled lizards
  7 kobolds
  3 rats
  A spectral orc (D:2)
74 creatures vanquished.

Notes
Turn   | Place    | Note
-------+----------+-------------------------------------------
     0 | D:1      | Murumi the Formicid Fighter began the quest for the Orb.
     0 | D:1      | Reached XP level 1. HP: 18/18 MP: 1/1
    39 | D:1      | Reached skill level 1 in Dodging
    96 | D:1      | Reached XP level 2. HP: 24/24 MP: 2/2
   438 | D:1      | Reached XP level 3. HP: 29/29 MP: 3/3
   775 | D:2      | Reached XP level 4. HP: 32/35 MP: 4/4
  1132 | D:2      | Found a shimmering altar of Xom.
  1133 | D:2      | Found a snail-covered altar of Cheibriados.
  1449 | D:2      | Found a basalt altar of Yredelemnul.
  1510 | D:3      | Noticed HEYYEYAAE's ghost (amateur TrBe)
  1648 | D:3      | Reached XP level 5. HP: 42/42 MP: 5/5
  1782 | D:3      | Killed HEYYEYAAE's ghost
  1782 | D:3      | Reached skill level 5 in Armour
  1782 | D:3      | Reached XP level 6. HP: 25/48 MP: 6/6
  2323 | D:4      | Noticed an ogre
  2331 | D:4      | Killed an ogre
  2331 | D:4      | Reached skill level 6 in Armour
  2492 | D:4      | Noticed Natasha
  2496 | D:4      | Killed Natasha
  2496 | D:4      | Reached XP level 7. HP: 54/54 MP: 7/7
  2528 | D:4      | Found a staircase to the Ecumenical Temple.
  2533 | Temple   | Entered the Ecumenical Temple
  2550 | Temple   | Became a worshipper of Elyvilon the Healer
  2587 | D:4      | Noticed Natasha
  2593 | D:4      | Killed Natasha
  2593 | D:4      | Reached skill level 5 in Shields
  2696 | D:4      | Mangled by an ogre

Vault maps used:
D:1:      saegor_arrival_simple_d
D:2:      yredelemnul_forgotten_temple_becter, grunt_temple_overflow_open,
          kennysheep_generic_room_16
D:3:      hangedman_feature_mirror
D:4:      kennysheep_mini, minmay_temple_entry_butterflies, first_bread,
          uniq_natasha
Temple:   cyrus_circular_temple

Skill      XL: |  1  2  3  4  5  6  7 |
---------------+----------------------+-----
Dodging        | 1 2 |  2.0
Shields        | 4 5 |  5.0
Long Blades    | 3 |  3.0
Fighting       | 4 |  4.0
Armour         | 5 6 |  6.1

Action                   |  1- 3 |  4- 6 |  7- 9 || total
-------------------------+-------+-------+-------++-------
Melee: Long sword        |   111 |   147 |    11 ||   269
       Unarmed           |       |       |     1 ||     1
 Abil: Dig               |       |     1 |       ||     1
  Use: Scroll            |     9 |     4 |       ||    13
       Potion            |       |     1 |       ||     1
  Eat: Chunk             |       |     6 |       ||     6
Armor: Scale mail        |    36 |    31 |       ||    67
Dodge: Dodged            |    38 |    43 |     4 ||    85
Block: Shield            |    53 |    75 |     1 ||   129
       Rpst.: Long sword |    12 |    10 |     2 ||    24
